 Dungeon Crawl Stone Soup version 0.29-a0-575-g0dc89cf053 (webtiles) character file.

Game seed: 15120946227507731225

752 shoop the Zephyrmancer (level 8, -4/61 HPs)
             Began as a Meteoran Air Elementalist on June 13, 2022.
             Was an Initiate of Sif Muna.
             Slain by a two-headed ogre
             ... wielding a +0 giant club
              (31 damage)
             ... on level 8 of the Dungeon.
             The game lasted 00:10:28 (847 turns).

shoop the Zephyrmancer (Meteoran Air Elementalist)   Turns: 847, Time: 00:10:28

Health: -4/61      AC:  2    Str:  9    XL:     8   Next: 27%
Magic:  0/17       EV: 13    Int: 18    God:    Sif Muna [......]
Gold:   104        SH:  0    Dex: 16    Spells: 10/18 levels left

rFire   . . .      SeeInvis .   h - +4 rapier (venom)
rCold   . . .      Faith    .   (no shield)
rNeg    . . .      Spirit   .   a - +0 robe
rPois   .          Reflect  .   (no helmet)
rElec   .          Harm     .   (no cloak)
rCorr   .          Rampage  .   (no gloves)
Will    +....                   (no boots)
Stlth   +.........              (no amulet)
HPRegen 0.20/turn               (no ring)
MPRegen 0.15/turn               (no ring)

@: lethally poisoned (-4 -> -9), glowing
A: sense surroundings 1, otherworldly, glowing, explore regen
a: Renounce Religion


You were on level 8 of the Dungeon.
You worshipped Sif Muna.
Sif Muna was noncommittal.
You visited 2 branches of the dungeon, and saw 9 of its levels.

You collected 104 gold pieces.

Inventory:

Hand Weapons
 c - a +0 mace
 h - a +4 rapier of venom (weapon)
Armour
 a - a +0 robe (worn)
Scrolls
 e - 2 scrolls of identify {unknown}
 f - a scroll of enchant weapon {unknown}
 k - a scroll of silence {unknown}
Potions
 b - a potion of magic
 d - a potion of flight
 g - 2 potions of curing {unknown}
 j - a potion of lignification {unknown}
 l - a potion of might {unknown}


   Skills:
 + Level 1.9 Fighting
 - Level 1.0 Short Blades
 - Level 3.0 Dodging
 - Level 1.4 Stealth
 + Level 5.7 Spellcasting
 - Level 2.0 Conjurations
 * Level 8.5 Air Magic


You had 10 spell levels left.
You knew the following spells:

 Your Spells              Type           Power      Damage    Failure   Level
a - Shock                 Conj/Air       96%        1d9       1%          1
b - Swiftness             Air            36%        N/A       1%          3
c - Airstrike             Air            18%        N/A       3%          4

Your spell library contained the following spells:

 Spells                   Type           Power      Damage    Failure   Level
 Static Discharge         Conj/Air       24%        N/A       2%          2


Dungeon Overview and Level Annotations

Branches:
Dungeon (8/15)             Temple (1/1) D:4
   Lair: D:8-11

Altars:
Ashenzari
Cheibriados
Dithmenos
Elyvilon
Fedhas
Gozag
Kikubaaqudgha
Makhleb
Okawaru
Qazlal
Ru
Sif Muna
Trog
Xom
Yredelemnul
The Shining One

Annotations:
D:2 Terence
D:7 Joseph, Maggie


Innate Abilities, Weirdness & Mutations

You passively map a small area around you.
You are easily found by Zot.
You glow in the dark.
You regain HP and MP as you explore.


Message History

Aiming: Shock (safe; 1% risk of failure)
Press: ? - help, Shift-Dir - straight line, f/p - water moccasin
Aim: a water moccasin (almost dead, 57% to hit)
The zap misses the water moccasin.
The zap hits the two-headed ogre.
The two-headed ogre is severely wounded.
You feel very sick. The water moccasin barely misses you.
Casting: Shock (safe; 1% risk of failure)
Confirm with . or Enter, or press ? or * to list all spells.
Aiming: Shock (safe; 1% risk of failure)
Press: ? - help, Shift-Dir - straight line, f/p - water moccasin
Aim: a water moccasin (almost dead, 57% to hit)
The zap misses the water moccasin.
The zap hits the two-headed ogre.
The two-headed ogre is severely wounded.
You feel sick. The water moccasin closely misses you.
An orc comes into view. It is wielding a +0 flail.
The water moccasin bites you.
Casting: Shock (safe; 1% risk of failure)
Confirm with . or Enter, or press ? or * to list all spells.
Aiming: Shock (safe; 1% risk of failure)
Press: ? - help, Shift-Dir - straight line, f/p - water moccasin
Aim: a water moccasin (almost dead, 57% to hit)
The zap hits the water moccasin!
You kill the water moccasin!
Sif Muna accepts your kill.
The zap hits the two-headed ogre.
The two-headed ogre is severely wounded.
The zap hits the orc!
You kill the orc!
Sif Muna accepts your kill.
You feel sick.
Your magical contamination has completely faded away.
Your life force feels restored.
Okay, then.
You barely miss the two-headed ogre.
The two-headed ogre is severely wounded.
You feel sick.
The two-headed ogre hits you with a +0 giant club!!
Ouch! That really hurt!
You die...

##+######+#* *
........#.####* , .....,
........#....#*, *#.....
,, .....)..#....# ...... ,
, ........'....# <,
#...... , , ........#....#
......., ,,
.<......#....#####.......
,
........#........#.......
,
........#.......@O.....).,
........##+###..##.......
, , ######......#####
....... ## #......# ,
....... , ###.###.###.##,
,....... , .............#
....... ,,
#.###.###.##.... .......,*
...........# * .* .......
, .##.###.##...# , * ,


You could see a two-headed ogre.

Vanquished Creatures
  Menkaure (D:7)
  A water moccasin (D:8)
  An ice beast (D:6)
  A black bear (D:4)
  4 wights (D:8)
  A hound (D:4)
  An iguana (D:7)
  An orc wizard (D:6)
  An adder (D:6)
  An ufetubus (D:4)
  A worm (D:2)
  7 orcs
  3 bats
  2 endoplasms
  2 goblins
  A hobgoblin (D:4)
  2 jackals (D:4)
  4 ball pythons
  A frilled lizard (D:2)
  4 kobolds
40 creatures vanquished.

Vanquished Creatures (others)
  6 toadstools (D:6)
6 creatures vanquished.

Grand Total: 46 creatures vanquished

Notes
Turn   | Place    | Note
-------+----------+-------------------------------------------
     0 | D:1      | shoop the Meteoran Air Elementalist began the quest for the
                  | Orb.
     0 | D:1      | Reached XP level 1. HP: 14/14 MP: 5/5
    90 | D:2      | Reached XP level 2. HP: 20/20 MP: 1/6
   114 | D:2      | Reached skill level 4 in Air Magic
   123 | D:2      | Noticed Terence
   173 | D:3      | Reached XP level 3. HP: 21/26 MP: 4/8
   177 | D:3      | Learned a level 3 spell: Swiftness
   365 | D:4      | Reached skill level 5 in Air Magic
   365 | D:4      | Reached XP level 4. HP: 28/33 MP: 6/9
   370 | D:4      | Learned a level 4 spell: Airstrike
   440 | D:4      | Noticed a black bear
   449 | D:4      | Killed a black bear
   450 | D:4      | Reached skill level 6 in Air Magic
   450 | D:4      | Reached XP level 5. HP: 18/38 MP: 6/12
   460 | D:4      | Found a staircase to the Ecumenical Temple.
   470 | Temple   | Entered the Ecumenical Temple
   485 | Temple   | Became a worshipper of Sif Muna the Loreminder
   550 | D:5      | Entered Level 5 of the Dungeon
   576 | D:6      | Noticed an ice beast
   583 | D:6      | Reached XP level 6. HP: 45/45 MP: 10/13
   589 | D:6      | Killed an ice beast
   602 | D:6      | Reached skill level 7 in Air Magic
   642 | D:7      | Noticed Menkaure
   647 | D:7      | Killed Menkaure
   648 | D:7      | Reached skill level 5 in Spellcasting
   648 | D:7      | Reached XP level 7. HP: 50/50 MP: 6/15
   649 | D:7      | Noticed Joseph
   722 | D:7      | Noticed Maggie
   752 | D:8      | Reached skill level 8 in Air Magic
   763 | D:8      | Reached skill level 1 in Fighting
   763 | D:8      | Reached skill level 1 in Short Blades
   774 | D:8      | Reached XP level 8. HP: 21/58 MP: 1/17
   836 | D:8      | Noticed a two-headed ogre
   847 | D:8      | Slain by a two-headed ogre

Illustrated notes

Levels and vault maps discovered:
D:1:      tarquinn_simple_flora_water_a, layout_loops_ring, serial_glass,
          glass_columns_a, glass_columns_b, basic_ecumenical_altar,
          grunt_decor_resistance, minmay_nonomino_d4
D:2:      layout_basic, uniq_terence
D:3:      minmay_evil_eye, layout_basic
D:4:      layout_basic, minmay_temple_entry_junction
D:5:      layout_basic, nicolae_hepliaklqana_hippocampus,
          minmay_fractal_squares_5
D:6:      layout_gridville, minmay_gold_behind_fungi
D:7:      layout_basic, kennysheep_potato, uniq_maggie, uniq_menkaure,
          uniq_joseph
D:8:      layout_gridville, nicolae_concentric_dashed_squares_wild,
          grunt_ministairs_12, minivault_11
Temple:   dpeg_three_leaves_temple

Skill      XL: |  1  2  3  4  5  6  7 |
---------------+----------------------+-----
Air Magic      | 4 5 6 7 8 |  8.5
Conjurations   | 2 |  2.0
Spellcasting   | 3 4 5 |  5.7
Fighting       | 1 |  1.9
Short Blades   | 1 |  1.0
Dodging        | 3 |  3.0
Stealth        | |  1.4

Action                   |  1- 3 |  4- 6 |  7- 9 || total
-------------------------+-------+-------+-------++-------
Melee: Rapier            |    14 |    28 |     8 ||    50
       Punch             |     2 |       |       ||     2
 Cast: Shock             |    26 |    22 |    14 ||    62
       Airstrike         |       |     2 |     7 ||     9
       Swiftness         |       |       |     1 ||     1
  Use: Potion            |       |     2 |     1 ||     3
Armor: Robe              |     7 |    11 |     1 ||    19
Dodge: Dodged            |    10 |    11 |    12 ||    33

Table legend: (Time is in decaauts)
 A = Elapsed time spent in this place.
 B = Non-inter-level travel time spent in this place.
 C = Inter-level travel time spent in this place.
 D = Time resting spent in this place.
 E = Time spent auto-exploring this place.
 F = Levels seen in this place.
 G = Mean time per level.
                   A        B        C        D        E       F      G
               +--------+--------+--------+--------+--------+-----+--------+
         Total |    854 |    854 |      0 |      0 |      0 |   9 |   94.9 |
       Dungeon |    825 |    825 |      0 |      0 |      0 |   8 |  103.1 |
        Temple |     28 |     28 |      0 |      0 |      0 |   1 |   28.0 |
               +--------+--------+--------+--------+--------+-----+--------+

Top non-repeatable levels by time:
     D:2: 188 daAuts
     D:4: 169 daAuts
     D:8: 115 daAuts
     D:6: 110 daAuts
     D:1: 101 daAuts
     D:3: 66 daAuts
     D:7: 58 daAuts
  Temple: 28 daAuts
     D:5: 15 daAuts
